 Dungeon Crawl Stone Soup version 0.31.0-9-g3a7656b989 (console) character file.

Game seed: 1837981660888424077

50 AlterAsc the Ruffian (level 3, 0/23 HPs)
             Began as an Octopode Shapeshifter on Jan 25, 2024.
             Slain by a ball python (2 damage)
             ... on level 2 of the Dungeon.
             The game lasted 00:02:24 (830 turns).

AlterAsc the Ruffian (Octopode Shapeshifter)         Turns: 830, Time: 00:02:25

Health: 0/23       AC:  1    Str: 15    XL:     3   Next: 79%
Magic:  3/3        EV:  7    Int: 12    God:
Gold:   143        SH:  0    Dex: 11    Spells: 2/2 levels left

rFire   . .          .
                       - Unarmed
rCold   . . .        (no shield)
rNeg    . . .        (helmet currently unavailable)
rPois   .            (no amulet)
rElec   .            (no ring)
rCorr   .            (no ring)
SInv    .            (no ring)
Will    .....        (no ring)
Stlth   +++          (no ring)
HPRegen 0.23/turn    (no ring)
MPRegen 0.08/turn    (no ring)
                     (no ring)

%: no passive effects
@: beast-form, held
A: beast (slay +1), almost no armour, amphibious, 8 rings, camouflage 1,
gelatinous body 1, nimble swimmer 1, tentacles
a: Begin Untransformation


You were on level 2 of the Dungeon.
You were a hulking beast.
You visited 1 branch of the dungeon, and saw 2 of its levels.

You collected 143 gold pieces.

Inventory:

Missiles
 e - 7 stones (quivered)
Talismans
 b - a beast talisman
 c - a flux talisman
Scrolls
 d - a scroll of enchant weapon {unknown}
 f - a scroll of amnesia {unknown}
 g - a scroll of revelation {unknown}
 h - a scroll of fear {unknown}
 i - a scroll of noise {unknown}
 m - a scroll of immolation {unknown}
 o - a scroll of blinking {unknown}
Potions
 a - a potion of lignification
 j - a potion of cancellation
 k - a potion of heal wounds {unknown}
 l - a potion of berserk rage {unknown}
 n - a potion of brilliance {unknown}


   Skills:
 - Level 1.0 Fighting
 - Level 2.0 Dodging
 + Level 4.6 Unarmed Combat
 - Level 3.0 Shapeshifting


You had 2 spell levels left.
You didn't know any spells.
Your spell library contained the following spells:

 Spells                   Type           Power      Damage    Failure   Level
 Freeze                   Ice            0%         1d3       32%         1
 Summon Small Mammal      Summ           0%         N/A       32%         1
 Call Canine Familiar     Summ           0%         N/A       69%         3
 Frozen Ramparts          Ice            0%         1d1       69%         3
 Hailstorm                Conj/Ice       0%         3d5       69%         3
 Summon Blazeheart Golem  Fire/Summ      0%         N/A       97%         4


Dungeon Overview and Level Annotations

Branches:
Dungeon (2/15)

Altars:

Annotations:
D:2 exclusion: phantom


Innate Abilities, Weirdness & Mutations

You are a hulking beast.
Your limbs bulge with bestial killing power. (Slay +1)
You cannot wear most types of armour.
You are amphibious.
You can wear up to eight rings at the same time.
Your skin changes colour to match your surroundings (Stealth+).
Your rubbery body absorbs attacks. (AC +1, EV +1)
You are camouflaged when in or above water. (Stealth+)
You have tentacles for arms and can constrict up to eight enemies at once.


Message History

You tentacle-slap the ribbon worm.
The goblin shouts!
You grab the ribbon worm.
The ribbon worm is lightly wounded.
You constrict the ribbon worm.
You hear a shout!
A bat comes into view.
A hobgoblin comes into view.
You tentacle-slap the ribbon worm. You squeeze the ribbon worm.
The ribbon worm is severely wounded.
You constrict the ribbon worm. The ribbon worm misses you.
The bat barely misses you.
You release your grip on the ribbon worm.
The bat closely misses you.
A ribbon worm comes into view.
The ribbon worm bites you.
Found a dagger.
The ball python attacks as it pursues you!
The ball python bites you but does no damage.
The ball python grabs you. The ball python constricts you.
The ribbon worm bites you. The ball python bites you.
The ball python constricts you.
The ball python's grasp on you weakens, but your attempt to escape fails.
The ball python bites you. The ball python constricts you.
You escape the ball python's grasp.
The ball python bites you. The ball python grabs you.
The ball python constricts you. The ribbon worm bites you.
You escape the ball python's grasp.
The bat attacks as it pursues you! The bat hits you.
The bat closely misses you.
You are too injured to fight recklessly!
You are too injured to fight recklessly!
You tentacle-slap the ball python. Your grab misses the ball python.
Your squeeze misses the ball python.
The ball python is heavily wounded.
The ball python misses you. The ball python grabs you.
The ball python constricts you. The bat hits you.
* * * LOW HITPOINT WARNING * * *
You escape the ball python's grasp.
The bat hits you.
* * * LOW HITPOINT WARNING * * *
The ribbon worm expels a string of sticky webbing.
The stream of webbing hits you but does no damage.
You are caught in a web!
It was a potion of cancellation.
You feel magically purged. The bat hits you but does no damage.
The ball python bites you.
* * * LOW HITPOINT WARNING * * *
The ball python closely misses you. The ball python bites you.
You die...

#.#≈≈≈.... #.#≈≈....#)
#.#≈...##.# #.#≈...#...
#.'...#..# . #.#≈...#
.# ... #.#≈g..##.#
..... #.#≈≈gw..#..
..... #.#≈b≈w.....
#.... #.#≈S≈≈..... ####
#.#. #.#h≈≈≈≈≈.≈≈ #...
#...#####
#.#######+#######..<
#......#####.........
.........
###....#....###........
.##......
.......####..†#........
.........
.#####......#..........
..###....
#..###..##........ #
#..... ##.#
##.##........ #.....
#.## #...........
#.....
#..######........
....)...
##..#####........
##..#...


You could see 2 ribbon worms, a hobgoblin, a goblin, a bat and a ball python.

Vanquished Creatures
  An adder (D:2)
  2 dart slugs (D:1)
  6 ball pythons
  2 endoplasms (D:1)
  2 giant cockroaches (D:1)
  3 goblins (D:1)
  4 hobgoblins
  3 jackals (D:1)
  2 quokkas
  A bat (D:1)
  A frilled lizard (D:1)
  3 kobolds (D:1)
  5 rats
35 creatures vanquished.

Notes
Turn   | Place    | Note
-------+----------+-------------------------------------------
     0 | D:1      | AlterAsc the Octopode Shapeshifter began the quest for the
                  | Orb.
     0 | D:1      | Reached XP level 1. HP: 13/13 MP: 1/1
    58 | D:1      | Reached XP level 2. HP: 11/18 MP: 2/2
   250 | D:1      | Reached skill level 4 in Unarmed Combat
   286 | D:1      | Reached XP level 3. HP: 23/23 MP: 3/3
   519 | D:1      | Found a faded altar of an unknown god.
   704 | D:2      | Noticed a phantom
   830 | D:2      | Slain by a ball python

Illustrated notes

Levels and vault maps discovered:
D:1:      nzn_arrival_crosshair, layout_rooms, shapermc_ecumenical_altar_petra
D:2:      layout_rooms, kennysheep_generic_room_2

Skill      XL: |  1  2 |
---------------+-------+-----
Unarmed Combat | 4 |  4.6
Fighting       | |  1.0
Dodging        | |  2.0
Shapeshifting  | |  3.0

Action                     || total
---------------------------++-------
  Melee: Unarmed           ||    64
         Constrict         ||    16
         Tentacles         ||    10
         Punch             ||     3
    Use: Potion            ||     1
   Stab: Sleeping          ||     5
 Armour: Skin              ||    31
  Dodge: Dodged            ||    43
